 Dungeon Crawl Stone Soup version 0.27.1-1-g398f81649c (webtiles) character file.

Game seed: 8446716612835989796

56 Descartes the Conjurer (level 3, -2/20 HPs)
             Began as a Deep Elf Wanderer on Sept 5, 2021.
             Slain by an adder (4 damage)
             ... on level 2 of the Dungeon.
             The game lasted 00:04:41 (1660 turns).

Descartes the Conjurer (Deep Elf Wanderer)          Turns: 1660, Time: 00:04:42

Health: -2/20      AC:  3    Str: 10    XL:     3   Next: 69%
Magic:  7/9        EV: 11    Int: 15    God:
Gold:   8          SH:  0    Dex: 15    Spells: 4/8 levels left

rFire    . . .     SeeInvis .   a - +2 hand axe
rCold    . . .     Faith    .   (no shield)
rNeg     . . .     Spirit   .   k - +0 leather armour
rPois    +         Reflect  .   (no helmet)
rElec    .         Harm     .   (no cloak)
rCorr    .         Rampage  .   (no gloves)
Will     .....                  (no boots)
Stlth    ++........             (no amulet)
HPRegen  0.06/turn              f - ring of poison resistance
MPRegen  0.11/turn              (no ring)

@: lethally poisoned (-2 -> -7), very slightly contaminated
A: no striking features
a: no special abilities


You were on level 2 of the Dungeon.
You visited 1 branch of the dungeon, and saw 2 of its levels.

You collected 8 gold pieces.

Inventory:

Hand Weapons
 a - a +2 hand axe (weapon)
 n - a +0 hunting sling
Missiles
 c - 20 arrows
 d - 24 sling bullets
 g - 30 bolts
 l - 3 javelins (quivered)
 m - 24 stones
Armour
 b - a +0 robe
 k - a +0 leather armour (worn)
Jewellery
 f - a ring of poison resistance (left hand)
Scrolls
 h - a scroll of enchant weapon {unknown}
 i - 2 scrolls of identify {unknown}
Potions
 e - a potion of heal wounds {unknown}
 j - a potion of curing {unknown}


   Skills:
 - Level 1.5 Fighting
 - Level 1.0 Axes
 - Level 1.0 Throwing
 + Level 1.2 Dodging
 + Level 1.1 Stealth
 - Level 3.0 Spellcasting
 + Level 3.2 Conjurations
 - Level 2.1 Summonings
 - Level 1.2 Necromancy
 - Level 1.1 Evocations


You had 4 spell levels left.
You knew the following spells:

 Your Spells              Type           Power      Damage    Failure   Level
a - Magic Dart            Conj           48%        1d5       7%          1
b - Stone Arrow           Conj/Erth      14%        3d7       38%         3

Your spell library contained the following spells:

 Spells                   Type           Power      Damage    Failure   Level
 Summon Small Mammal      Summ           32%        N/A       11%         1
 Freeze                   Ice            8%         1d3       26%         1
 Summon Guardian Golem    Hex/Summ       5%         N/A       45%         3
 Frozen Ramparts          Ice            4%         1d2       63%         3
 Hailstorm                Conj/Ice       7%         3d4       80%         4


Dungeon Overview and Level Annotations

Branches:
Dungeon (2/15)

Altars:


Message History

Found an escape hatch in the ceiling.
There is an open door here.
You open the door.
There is an open door here.
An adder comes into view.
Found a scroll labelled DIAPPE VIXTUHIE and 15 stones.
The adder hisses angrily.
The adder bites you.
You see here a scroll labelled DIAPPE VIXTUHIE.
Unknown command.
Casting: Magic Dart (safe; 7% risk of failure)
Confirm with . or Enter, or press ? or * to list all spells.
Aiming: Magic Dart (safe; 7% risk of failure)
Press: ? - help, Shift-Dir - straight line, f - adder
Aim: an adder (100% to hit)
You miscast Magic Dart.
You are very lightly contaminated with residual magic.
Nothing appears to happen.
The adder bites you.
You are poisoned.
The adder poisons you!
Casting: Magic Dart (safe; 7% risk of failure)
Confirm with . or Enter, or press ? or * to list all spells.
Aiming: Magic Dart (safe; 7% risk of failure)
Press: ? - help, Shift-Dir - straight line, f/p - adder
Aim: an adder (100% to hit)
The magic dart hits the adder but does no damage.
You feel sick. The adder barely misses you.
You miss the adder.
You feel sick. The adder closely misses you. The adder bites you.
You closely miss the adder.
You feel sick. The adder bites you.
* * * LOW HITPOINT WARNING * * *
You slash the adder!
The adder is severely wounded.
You feel sick.
You are no longer poisoned.
The adder bites you.
* * * LOW HITPOINT WARNING * * *
You are lethally poisoned!
The adder poisons you! The adder bites you.
You die...

#.....# #.#
#.....# #.#
#.....####.#
#..........#
####'#######
#.# #.#
##.#.####.#
..(...S@..#
.....######
... .


You could see an adder.

Vanquished Creatures
  An adder (D:2)
  2 dart slugs (D:1)
  2 bats (D:1)
  An endoplasm (D:2)
  4 giant cockroaches (D:1)
  5 goblins
  2 hobgoblins
  7 jackals (D:1)
  3 kobolds
  A quokka (D:1)
  2 ball pythons (D:1)
  3 frilled lizards
  6 rats (D:1)
39 creatures vanquished.

Notes
Turn   | Place    | Note
-------+----------+-------------------------------------------
     0 | D:1      | Descartes the Deep Elf Wanderer began the quest for the
                  | Orb.
     0 | D:1      | Descartes set off with the following items: a +2 hand axe,
                  | a +0 robe; and the following spells available to memorise:
                  | Summon Small Mammal, Magic Dart, Summon Guardian Golem,
                  | Stone Arrow
     0 | D:1      | Reached XP level 1. HP: 12/12 MP: 6/6
     2 | D:1      | Learned a level 1 spell: Magic Dart
    44 | D:1      | Reached skill level 1 in Conjurations
   178 | D:1      | Reached XP level 2. HP: 16/16 MP: 1/8
   269 | D:1      | Found a faded altar of an unknown god.
   681 | D:1      | Reached XP level 3. HP: 19/20 MP: 3/9
   740 | D:1      | Learned a level 3 spell: Stone Arrow
   903 | D:1      | Reached skill level 1 in Dodging
  1414 | D:2      | Reached skill level 1 in Stealth
  1660 | D:2      | Slain by an adder

Illustrated notes

Levels and vault maps discovered:
D:1:      dpeg_arrival_arbitrary_b, layout_rooms,
          dreamdust_ecumenical_altar_statues, serial_rivers,
          chequers_serial_rivers_micro_e, chequers_serial_rivers_small_b,
          chequers_serial_rivers_large_a, chequers_serial_rivers_micro_c,
          minmay_misc_feat_square, serial_park_tiny_2
D:2:      layout_basic, basic_altar

Skill      XL: |  1  2  3 |
---------------+----------+-----
Conjurations   | 1 2 3 |  3.2
Dodging        | 1 |  1.2
Stealth        | 1 |  1.1
Fighting       | |  1.5
Axes           | |  1.0
Throwing       | |  1.0
Spellcasting   | |  3.0
Summonings     | |  2.1
Necromancy     | |  1.2
Evocations     | |  1.1

Action                   || total
-------------------------++-------
Melee: Hand axe          ||    33
 Cast: Magic Dart        ||    84
 Stab: Sleeping          ||     1
Armor: Robe              ||     7
Dodge: Dodged            ||    27
